 Dungeon Crawl Stone Soup version 0.18-a0-1292-ge8ad84c (webtiles) character file.

32 ololoev the Firebug (level 3, 3/19 HPs)
             Began as a Deep Elf Fire Elementalist on Feb 9, 2016.
             Quit the game on level 2 of the Dungeon.
             The game lasted 00:02:31 (356 turns).

ololoev the Firebug (Deep Elf Fire Elementalist)     Turns: 356, Time: 00:02:31

Health: 3/19       AC:  2    Str:  5    XL:     3   Next: 10%
Magic:  0/9        EV: 13    Int: 20    God:
Gold:   26         SH:  0    Dex: 15    Spells: 1 memorised, 7 levels left

rFire  . . .     SeeInvis .     (no weapon)
rCold  . . .     Gourm    .     a - +0 robe
rNeg   . . .     Faith    .     (no shield)
rPois  .         Spirit   .     (no helmet)
rElec  .         Dismiss  .     (no cloak)
rCorr  .         Reflect  .     (no gloves)
SustAt .         Harm     .     (no boots)
MR     .....                    (no amulet)
Stlth  ++........               (no ring)
                                (no ring)

@: not resistant to hostile enchantments, unstealthy
A: no striking features
a: no special abilities

Inventory:

Armour
 a - a +0 robe (worn)
Scrolls
 e - a scroll of fog {unknown}
 g - a scroll of recharging {unknown}
 h - a scroll of enchant armour {unknown}
Books
 b - a book of Flames

   Spells                             Type                      Level
   a - Flame Tongue                   Conjuration/Fire             1
   b - Throw Flame                    Conjuration/Fire             2
   c - Conjure Flame                  Conjuration/Fire             3
   d - Inner Flame                    Hexes/Fire                   3
   e - Sticky Flame                   Conjuration/Fire             4
   f - Fireball                       Conjuration/Fire             5
Comestibles
 c - 2 bread rations
 d - a meat ration
 f - a slice of pizza


   Skills:
 - Level 2.4 Dodging
 - Level 2.4 Stealth
 + Level 3.3 Spellcasting
 * Level 2.7 Conjurations
 + Level 3.6 Fire Magic


You had 7 spell levels left.
You knew the following spells:

 Your Spells              Type           Power        Failure   Level  Hunger
a - Flame Tongue          Conj/Fire      ###..        3%          1    None


You were on level 2 of the Dungeon.
You were not hungry.

You visited 1 branch of the dungeon, and saw 3 of its levels.

You collected 26 gold pieces.

#########
......S@#
#######.#
#.# #.#
#.# #.#
#.# ..#
..

Notes
Turn   | Place    | Note
--------------------------------------------------------------
     0 | D:1      | ololoev the Deep Elf Fire Elementalist began the quest for the Orb.
     0 | D:1      | Reached XP level 1. HP: 10/10 MP: 6/6
     2 | D:1      | Found an opulent altar of Gozag.
    54 | D:1      | Reached XP level 2. HP: 12/15 MP: 1/8
   330 | D:3      | Reached XP level 3. HP: 7/19 MP: 0/9
   356 | D:2      | Quit the game

Dungeon Overview and Level Annotations

Branches:
Dungeon (3/15)

Altars:
Gozag


Message History

Memorise Conjure Flame, consuming 3 spell levels and leaving 4?
You start memorising the spell.
You continue memorising.
Your memorisation is interrupted.
You feel sick.
You aren't carrying any potions.
Unknown command.
Found 4 gold pieces.
There is a stone staircase leading up here.
You feel sick.
A kobold comes into view.
You now have 26 gold pieces (gained 4).
You feel sick.
You feel sick.
The kobold shouts!
Casting: Flame Tongue
Confirm with . or Enter, or press ? or * to list all spells.
Aiming: Flame Tongue
Press: ? - help, Shift-Dir - straight line, f - kobold
Aim: a kobold The flame tongue hits the kobold.
You kill the kobold!
You feel sick.
You are no longer poisoned.
There is a stone staircase leading up here.
You climb upwards.
An adder comes into view.
There is a stone staircase leading down here.
Casting: Flame Tongue
Confirm with . or Enter, or press ? or * to list all spells.
Aiming: Flame Tongue
Press: ? - help, Shift-Dir - straight line, f - adder
Aim: an adder The flame tongue hits the adder.
The adder is moderately wounded.
Casting: Flame Tongue
Confirm with . or Enter, or press ? or * to list all spells.
Aiming: Flame Tongue
Press: ? - help, Shift-Dir - straight line, f/p - adder
Aim: an adder (moderately wounded)
The flame tongue hits the adder.
The adder is heavily wounded.
Are you sure you want to abandon this character and quit the game? (Confirm with "yes".)

You could see an adder.

Vanquished Creatures
  An adder (D:3)
  A giant gecko (D:1)
  4 bats
  3 giant cockroaches
  A quokka (D:2)
  2 giant newts
  3 goblins
  6 kobolds
  3 rats
24 creatures vanquished.

Action                   || total
-------------------------++-------
Melee: Unarmed           ||    12
 Cast: Flame Tongue      ||    41
 Stab: Sleeping          ||     1

Vault maps used:
D:1:      sevenhm_arrival_forest_fort_small_6
D:2:      first_bread, corexii_item_surrounded_by_moat
